 Dungeon Crawl Stone Soup version 0.30-a0-381-g6ea064c7b4 (webtiles) character file.

Game seed: 8804352407957571663

11 ryw the Caller (level 2, 13/13 HPs)
             Began as a Spriggan Summoner on Dec 1, 2022.
             Quit the game on level 1 of the Dungeon.
             The game lasted 00:01:30 (560 turns).

ryw the Caller (Spriggan Summoner)                   Turns: 560, Time: 00:01:30

Health: 13/13      AC:  2    Str:  4    XL:     2   Next: 13%
Magic:  7/7        EV: 17    Int: 16    God:
Gold:   13         SH:  0    Dex: 15    Spells: 4/7 levels left

rFire   . . .      SeeInvis +    g - +0 dagger (elec)
rCold   . . .      Faith    .    (no shield)
rNeg    . . .      Spirit   .    a - +0 robe
rPois   .          Reflect  .    (helmet restricted)
rElec   .          Harm     .    (no cloak)
rCorr   .          Rampage  .    (gloves unavailable)
Will    .....                    (boots unavailable)
Stlth   ++........               (no amulet)
HPRegen 0.22/turn                (no ring)
MPRegen 0.10/turn                (no ring)

@: very quick
A: very small, no large weapons, unfitting armour, see invisible, speed 3
a: no special abilities


You were on level 1 of the Dungeon.
You visited 1 branch of the dungeon, and saw 1 of its levels.

You collected 13 gold pieces.

Inventory:

Hand Weapons
 g - a +0 dagger of electrocution (weapon)
Armour
 a - a +0 robe (worn)
Scrolls
 d - a scroll of enchant armour {unknown}
 h - a scroll of identify {unknown}
Potions
 b - a potion of magic
 c - a potion of cancellation {unknown}
 e - a potion of heal wounds {unknown}
 f - 2 potions of degeneration {unknown}


   Skills:
 - Level 2.6 Dodging
 - Level 3.0 Stealth
 + Level 3.2 Spellcasting
 + Level 3.5 Summonings


You had 4 spell levels left.
You knew the following spells:

 Your Spells              Type           Power      Damage    Failure   Level
a - Summon Small Mammal   Summ           52%        N/A       4%          1
b - Call Imp              Summ           13%        N/A       7%          2

Your spell library contained the following spells:

 Spells                   Type           Power      Damage    Failure   Level
 Call Canine Familiar     Summ           13%        N/A       13%         3
 Summon Guardian Golem    Hex/Summ       8%         N/A       26%         3
 Summon Lightning Spire   Summ/Air       8%         N/A       65%         4


Dungeon Overview and Level Annotations

Branches:
Dungeon (1/15)

Altars:


Innate Abilities, Weirdness & Mutations

You are very small and have problems with some larger weapons.
You are too small for most types of armour.
You have supernaturally acute eyesight. (SInv)
You cover ground extremely quickly. (Speed+++)


Message History

The hobgoblin hits your rat.
Your rat dies!
Your rat's corpse disappears in a puff of smoke!
Your crimson imp blinks!
The hobgoblin barely misses your rat.
Your rat closely misses the hobgoblin.
The hobgoblin hits your rat.
Your rat dies!
Your rat's corpse disappears in a puff of smoke!
Your crimson imp hits the hobgoblin.
The hobgoblin barely misses your crimson imp.
Your crimson imp hits the hobgoblin.
The hobgoblin misses your crimson imp.
Your crimson imp hits the hobgoblin but does no damage.
The hobgoblin barely misses your crimson imp.
Your crimson imp barely misses the hobgoblin.
Casting: Summon Small Mammal (safe; 4% risk of failure)
Confirm with . or Enter, or press ? or * to list all spells.
The hobgoblin barely misses your crimson imp.
Your crimson imp barely misses the hobgoblin.
The hobgoblin hits your crimson imp but does no damage.
Your crimson imp blinks!
Your bat closely misses the hobgoblin.
Casting: Summon Small Mammal (safe; 4% risk of failure)
Confirm with . or Enter, or press ? or * to list all spells.
Your bat hits the hobgoblin but does no damage.
Your bat closely misses the hobgoblin.
The hobgoblin barely misses your crimson imp.
Your bat closely misses the hobgoblin.
Your crimson imp hits the hobgoblin.
The hobgoblin misses your crimson imp.
Your crimson imp hits the hobgoblin.
Your bat barely misses the hobgoblin.
The hobgoblin hits your crimson imp.
Your crimson imp barely misses the hobgoblin.
Your rat bites the hobgoblin.
The hobgoblin dies!
Unknown command.
Your crimson imp disappears in a puff of smoke!
Your rat disappears in a puff of smoke!
Your bat disappears in a puff of smoke!
Magic restored.
An endoplasm comes into view.
Are you sure you want to abandon this character and quit the game? (Confirm with "yes".)

... ..... .# ....##
.# ##### .# .# # .# #
.#
#################J###
................@...#
#################.###
##


You could see an endoplasm (asleep).

Vanquished Creatures (collateral kills)
  An endoplasm (D:1)
  A giant cockroach (D:1)
  A goblin (D:1)
  3 hobgoblins (D:1)
  A quokka (D:1)
  A kobold (D:1)
  A rat (D:1)
9 creatures vanquished.

Notes
Turn   | Place    | Note
-------+----------+-------------------------------------------
     0 | D:1      | ryw the Spriggan Summoner began the quest for the Orb.
     0 | D:1      | Reached XP level 1. HP: 9/9 MP: 5/5
   262 | D:1      | Reached XP level 2. HP: 10/13 MP: 4/7
   265 | D:1      | Learned a level 2 spell: Call Imp
   560 | D:1      | Quit the game

Illustrated notes

Levels and vault maps discovered:
D:1:      minmay_arrival_semitransparent, layout_basic

Skill      XL: |  1 |
---------------+----+-----
Spellcasting   | 3 |  3.2
Dodging        | |  2.6
Stealth        | |  3.0
Summonings     | |  3.5

Action                   || total
-------------------------++-------
 Cast: Summon Small Mamm ||    17
       Call Imp          ||     2
Armor: Robe              ||     4
Dodge: Dodged            ||    12

Table legend: (Time is in decaauts)
 A = Elapsed time spent in this place.
 B = Non-inter-level travel time spent in this place.
 C = Inter-level travel time spent in this place.
 D = Time resting spent in this place.
 E = Time spent auto-exploring this place.
 F = Levels seen in this place.
 G = Mean time per level.
                   A        B        C        D        E       F      G
               +--------+--------+--------+--------+--------+-----+--------+
         Total |    479 |    479 |      0 |    100 |    221 |   1 |  479.0 |
       Dungeon |    479 |    479 |      0 |    100 |    221 |   1 |  479.0 |
               +--------+--------+--------+--------+--------+-----+--------+

Top non-repeatable levels by time:
     D:1: 479 daAuts
